 Dungeon Crawl Stone Soup version 0.31-a0-590-g8a5a4361df (webtiles) character file.

Game seed: 3260062974252751446

25 cforsyth the Charlatan (level 3, -1/28 HPs)
             Began as a Gnoll Artificer on Aug 19, 2023.
             Slain by Natasha (7 damage)
             ... on level 2 of the Dungeon.
             The game lasted 00:00:17 (110 turns).

cforsyth the Charlatan (Gnoll Artificer)             Turns: 110, Time: 00:00:17

Health: -1/28      AC:  3    Str: 11    XL:     3   Next: 6%
Magic:  3/3        EV: 12    Int: 12    God:
Gold:   0          SH:  0    Dex: 12    Spells: 3/3 levels left

rFire   . . .        a - +0 club
rCold   . . .        (no shield)
rNeg    . . .        b - +0 leather armour
rPois   .            (no helmet)
rElec   .            (no cloak)
rCorr   .            (no gloves)
SInv    .            (no boots)
Will    .....        (no amulet)
Stlth   ++           (no ring)
HPRegen 0.24/turn    (no ring)
MPRegen 0.08/turn

%: no passive effects
@: no status effects
A: fangs 1, strong nose, distributed training
a: no special abilities


You were on level 2 of the Dungeon.
You visited 1 branch of the dungeon, and saw 2 of its levels.

Inventory:

Hand Weapons
 a - a +0 club (weapon)
Armour
 b - a +0 leather armour (worn)
Wands
 c - a wand of flame (10) (quivered)
 d - a wand of charming (15)
 e - a wand of iceblast (5)


   Skills:
 + Level 2.5 Fighting
 + Level 0.6 Short Blades
 + Level 0.6 Long Blades
 + Level 0.6 Axes
 + Level 0.6 Maces & Flails
 + Level 0.6 Polearms
 + Level 0.6 Staves
 + Level 0.6 Ranged Weapons
 + Level 0.6 Throwing
 + Level 4.5 Armour
 + Level 2.5 Dodging
 + Level 2.3 Stealth
 + Level 0.6 Shields
 + Level 0.6 Unarmed Combat
 + Level 0.6 Spellcasting
 + Level 0.4 Conjurations
 + Level 0.4 Hexes
 + Level 0.4 Summonings
 + Level 0.4 Necromancy
 + Level 0.4 Translocations
 + Level 0.4 Transmutations
 + Level 0.4 Fire Magic
 + Level 0.4 Ice Magic
 + Level 0.4 Air Magic
 + Level 0.4 Earth Magic
 + Level 0.4 Poison Magic
 + Level 0.8 Invocations
 + Level 6.5 Evocations
 + Level 0.4 Shapeshifting


You had 3 spell levels left.
You didn't know any spells.
Your spell library was empty.

Dungeon Overview and Level Annotations

Branches:
Dungeon (1/15)

Altars:

Annotations:
D:2 Natasha


Innate Abilities, Weirdness & Mutations

You have very sharp teeth.
Your uncanny sense of smell can sniff out nearby items.
Your experience applies equally to all skills.


Message History

Press: ? - help, Shift-Dir - straight line, f/p - Natasha
Aim: Natasha (heavily wounded, 67% to hit)
The puff of flame hits Natasha!
You kill Natasha!
Natasha screams in fury as she dies!
You have reached level 2!
You have reached level 3!
Your experience leads to an increase in your attributes!
Increase (S)trength, (I)ntelligence, or (D)exterity?
You feel clever. x2
HP restored.
A goblin comes into view. It is wielding a +0 dagger.
Found a worn bronze wand.
The goblin shouts!
You hear a shout!
A goblin is nearby!
Found a stone staircase leading down.
The goblin barely misses you.
A hobgoblin comes into view.
You hit the goblin. Your bite misses the goblin.
The goblin is severely wounded.
The goblin misses you.
Natasha, Servant of Life and Death comes into view.
You hit the goblin.
You kill the goblin!
You closely miss Natasha. Natasha closely misses you. The hobgoblin hits you.
Natasha claws you.
You hit Natasha.
Natasha is lightly wounded.
The hobgoblin misses you. Natasha claws you. The hobgoblin closely misses you.
You hit Natasha.
Natasha is moderately wounded.
Natasha claws you! The hobgoblin hits you.
* * * LOW HITPOINT WARNING * * *
You are too injured to fight recklessly!
You are too injured to fight recklessly!
You are too injured to fight recklessly!
You are too injured to fight recklessly!
You are too injured to fight recklessly!
Natasha attacks as you move away! Natasha claws you!
You die...
Natasha curls up and begins to purr.

## ### .. ..# .#
#.# .# ##.####.# .#
........####g######
#....@h../...
#.####.#####.####>
#......# # ∆
#####..# . #..#
...########..# ∆
.......(.....####
..####.............
####.########.


You could see Natasha and a hobgoblin.

Vanquished Creatures
  Natasha (D:2)
  A goblin (D:2)
2 creatures vanquished.

Notes
Turn   | Place    | Note
-------+----------+-------------------------------------------
     0 | D:1      | cforsyth the Gnoll Artificer began the quest for the Orb.
     0 | D:1      | Reached XP level 1. HP: 17/17 MP: 1/1
     9 | D:1      | You fall into a shaft and drop 1 floor!
    14 | D:2      | Noticed Natasha
    20 | D:2      | Killed Natasha
    21 | D:2      | Reached XP level 2. HP: 8/23 MP: 2/2
    21 | D:2      | Reached XP level 3. HP: 10/28 MP: 3/3
   105 | D:2      | Noticed Natasha
   110 | D:2      | Slain by Natasha

Illustrated notes

Levels and vault maps discovered:
D:1:      lightli_arrival_statuegarden, layout_rooms,
          shapermc_ecumenical_altar_flowoftime, corexii_leaking_fountain
D:2:      layout_loops_ring, uniq_jessica, uniq_terence, uniq_natasha,
          uniq_crazy_yiuf_cottage

Action                     || total
---------------------------++-------
  Melee: Club              ||     5
  Evoke: Wand              ||     5
  Dodge: Dodged            ||     6

Table legend: (Time is in decaauts)
 A = Elapsed time spent in this place.
 B = Non-inter-level travel time spent in this place.
 C = Inter-level travel time spent in this place.
 D = Time resting spent in this place.
 E = Time spent auto-exploring this place.
 F = Levels seen in this place.
 G = Mean time per level.
                   A        B        C        D        E       F      G
               +--------+--------+--------+--------+--------+-----+--------+
         Total |    111 |    111 |      0 |      0 |     93 |   2 |   55.5 |
       Dungeon |    111 |    111 |      0 |      0 |     93 |   2 |   55.5 |
               +--------+--------+--------+--------+--------+-----+--------+

Top non-repeatable levels by time:
     D:2: 102 daAuts
     D:1: 9 daAuts
